Sabres vs Penguins (R1)

Created - March 22, 2019 at 23:45

Goals
1 2 3 T
Sabres 0 0 0 0
Penguins 4 1 2 7
Shots
1 2 3 T
Sabres 6 15 12 33
Penguins 11 7 14 32

1st period

1. Penguins , Steven Stamkos 47 (Andrew Cogliano 43) at 0:22 (PP)
2. Penguins , Ryan O'Reilly 15 (Mike Komisarek 13, Dustin Brown 28) at 12:11
3. Penguins , Andrew Cogliano 24 (Steven Stamkos 63, D.J King 5) at 13:09
4. Penguins , Ryan O'Reilly 16 (Dustin Brown 29, Keith Aulie 23) at 19:19

Penalties :
Evander Kane (Buf) for Tripping (Minor) at 0:11, Evander Kane (Buf) for Holding (Minor) at 1:50, Steven Stamkos (Pit) for Hooking (Minor) at 1:58, Paul Ranger (Pit) for Hooking (Minor) at 5:27

2nd period

5. Penguins , Cal Clutterbuck 10 (Logan Couture 8, D.J King 6) at 4:24

Penalties :
Michael Frolik (Buf) for Holding (Minor) at 11:01

3rd period

6. Penguins , Patrick Marleau 8 (Ryan O'Reilly 33, Dustin Brown 30) at 4:01
7. Penguins , Cal Clutterbuck 11 (D.J King 7, Logan Couture 9) at 19:51

Penalties :
No Penalty

Goalie Stats

Jonas Hiller (Buf), 15 saves from 17 shots - (0.882), 35:36 minutes
Robin Lehner (Buf), 10 saves from 15 shots - (0.667), L, 30-17-3, 24:24 minutes
Jacob Markstrom (Pit), 33 saves from 33 shots - (1.000), W, 21-26-6, 60:00 minutes

Players Stats for Sabres

Player Name              G  A  P  +/- PIM S  H  SB GA TA FO     MP     PP MP  PK MP  
------------------------------------------------------------------------------------
Andrei Loktionov         0  0  0  -3  0   3  1  0  0  0  7/16   19:31   1:02   0:30 
Brad Richardson          0  0  0  -1  0   0  0  0  0  0  0/0    13:05   0:08   0:00 
Brandon Sutter           0  0  0  -1  0   2  0  0  0  0  2/8    12:11   0:00   0:52 
Darcy Hordichuk          0  0  0  -1  0   1  2  0  0  0  0/0    11:19   0:00   0:00 
Darren Reid              0  0  0  -3  0   1  1  0  0  0  2/2    17:00   0:00   0:00 
Evander Kane             0  0  0  -3  4   5  1  2  2  0  1/2    18:18   1:02   0:09 
Ilya Kovalchuk           0  0  0   0  0   3  3  1  0  0  0/0    15:42   1:05   0:56 
Jakub Kindl              0  0  0  -1  0   4  0  2  0  2  0/0    19:20   0:00   0:00 
Jared Cowen              0  0  0  -1  0   1  1  2  0  1  0/0    24:14   1:11   1:24 
Mathew Dumba             0  0  0  -1  0   0  2  1  0  0  0/0    15:52   0:56   0:54 
Matt Martin              0  0  0  -2  0   3  2  1  0  0  0/0    12:48   0:00   1:13 
Michael Frolik           0  0  0   0  2   3  2  1  0  0  0/0    14:56   0:54   0:00 
Michael Kostka           0  0  0  -1  0   0  0  1  0  1  0/0    16:50   1:04   0:54 
Rob Scuderi              0  0  0  -4  0   0  1  0  0  2  0/0    20:42   0:00   0:00 
Sean Monahan             0  0  0  -2  0   1  0  0  0  0  1/9    12:40   1:05   0:00 
Vincent Lecavalier       0  0  0   0  0   2  1  0  2  2  12/25  15:38   0:00   0:56 
Zach Bogosian            0  0  0  -4  0   2  1  1  3  1  0/0    23:02   1:03   1:24 
Zack Kassian             0  0  0  -2  0   2  0  0  0  0  0/0    12:40   1:05   0:00 

Players Stats for Penguins

Player Name              G  A  P  +/- PIM S  H  SB GA TA FO     MP     PP MP  PK MP  
------------------------------------------------------------------------------------
Andrew Cogliano          1  1  2   1  0   2  3  1  2  0  3/5    21:44   0:51   0:55 
Cal Clutterbuck          2  0  2   2  0   4  3  0  0  1  0/0    11:57   0:00   0:41 
Christian Ehrhoff        0  0  0   2  0   0  1  4  0  0  0/0    13:09   0:00   0:00 
D.J King                 0  3  3   2  0   1  4  0  0  0  1/1    13:03   0:28   0:31 
Dustin Brown             0  3  3   3  0   2  0  1  2  1  0/1    17:06   0:59   0:00 
Eric Gryba               0  0  0   2  0   1  2  4  0  2  0/0    20:51   0:35   1:05 
Keith Aulie              0  1  1   2  0   0  1  0  1  1  0/0    26:00   1:43   1:02 
Logan Couture            0  2  2   2  0   3  3  0  1  1  9/14   12:37   0:00   0:41 
Marcus Foligno           0  0  0   0  0   0  0  0  0  0  0/0     7:26   0:00   0:00 
Martin St. Louis         0  0  0   0  0   1  0  0  0  0  0/0     8:05   0:39   0:00 
Mike Komisarek           0  1  1   2  0   0  0  0  0  0  0/0    20:51   0:35   1:05 
Patrick Marleau          1  0  1   3  0   1  2  0  0  0  0/1    16:33   0:59   0:00 
Paul Ranger              0  0  0   2  2   1  1  0  0  0  0/0    13:30   0:00   0:00 
Riley Sheahan            0  0  0   0  0   1  0  0  0  0  4/5     8:55   0:24   0:08 
Ryan O'Reilly            2  1  3   3  0   5  1  1  0  1  4/13   18:08   0:59   0:11 
Sean Zimmerman           0  0  0   2  0   1  0  0  0  0  0/0    26:00   1:43   1:02 
Steven Stamkos           1  1  2   1  2   8  1  0  3  0  16/22  21:07   0:54   1:07 
T.J. Oshie               0  0  0   1  0   1  0  0  0  0  0/0    18:58   0:40   0:00 

3 Stars

1 - Jacob Markstrom (Pit)
2 - Ryan O'Reilly (Pit)
3 - Cal Clutterbuck (Pit)

Power Play

Sabres - 0 on 2 Attempt(s) - 0.00%
Penguins - 1 on 3 Attempt(s) - 33.33%

Penalty Kill

Sabres - 2 on 3 Attempt(s) - 66.67% - Score 0 goal in Penalty Kill
Penguins - 2 on 2 Attempt(s) - 100.00% - Score 0 goal in Penalty Kill

Team Stat

Sabres - Hits : 18 - Faceoff Wins : 25 - Blocked Shots : 12 - Penalty Minutes : 6
Penguins - Hits : 22 - Faceoff Wins : 37 - Blocked Shots : 11 - Penalty Minutes : 4

Official

Referees : Unknown
Linesman : Unknown

Game Notes

Jonas Hiller enters game at 4:24 of 2nd period

Finance

Level 1 -- Attendance: 6000 (100.00%) -- Ticket Income $492,000
Level 2 -- Attendance: 4487 (89.74%) -- Ticket Income $201,915
Level 3 -- Attendance: 2000 (100.00%) -- Ticket Income $66,000
Level 4 -- Attendance: 3694 (92.35%) -- Ticket Income $92,350
Luxury Box -- Attendance: 1000 (100.00%) -- Ticket Income $160,000
Game was played at the Igloo.
Total Attendance: 17181 (95.45%)
Total Ticket Income: $1,012,265
Other Income: $151,840
Total Income: $1,164,105

Sabres

5 vs 5 Forward 
   Center                   Left Wing                Right Wing               Time % Phy DF OF 
 1 Andrei Loktionov         Evander Kane             Darren Reid              32     0   1  4  
 2 Vincent Lecavalier       Ilya Kovalchuk           Michael Frolik           30     0   1  4  
 3 Sean Monahan             Matt Martin              Zack Kassian             22     0   2  3  
 4 Brandon Sutter           Darcy Hordichuk          Brad Richardson          16     1   2  2  

5 vs 5 Defense 
   Defense                  Defense                                           Time % Phy DF OF 
 1 Rob Scuderi              Zach Bogosian                                     41     2   2  1  
 2 Jakub Kindl              Jared Cowen                                       35     1   3  1  
 3 Michael Kostka           Mathew Dumba                                      24     1   4  0  
 4 Michael Kostka           Mathew Dumba                                      0      1   4  0  

PowerPlay Forward 
   Center                   Left Wing                Right Wing               Time % Phy DF OF 
 1 Sean Monahan             Ilya Kovalchuk           Zack Kassian             53     0   0  5  
 2 Andrei Loktionov         Evander Kane             Michael Frolik           47     1   0  4  

PowerPlay Defense
   Defense                  Defense                                           Time % Phy DF OF 
 1 Zach Bogosian            Jared Cowen                                       53     0   1  4  
 2 Michael Kostka           Mathew Dumba                                      47     1   1  3  

Penalty Kill 4 Players Forward 
   Center                   Wing                     Time % Phy DF OF 
 1 Brandon Sutter           Matt Martin              55     1   4  0  
 2 Vincent Lecavalier       Ilya Kovalchuk           45     1   4  0  

Penalty Kill 4 Players Defense
   Defense                  Defense                  Time % Phy DF OF 
 1 Jared Cowen              Zach Bogosian            55     1   4  0  
 2 Mathew Dumba             Michael Kostka           45     1   4  0  

Penalty Kill - 3 Players Forward 
   Forward                                           Time % Phy DF OF 
 1 Brandon Sutter                                    60     0   5  0  
 2 Brad Richardson                                   40     0   5  0  

Penalty Kill - 3 Players Defense
   Defense                  Defense                  Time % Phy DF OF 
 1 Rob Scuderi              Jared Cowen              60     1   4  0  
 2 Mathew Dumba             Zach Bogosian            40     1   4  0  

4 vs 4 Forward 
   Center                   Wing                     Time % Phy DF OF 
 1 Vincent Lecavalier       Darren Reid              50     0   2  3  
 2 Andrei Loktionov         Brad Richardson          50     0   1  4  

4 vs 4 Defense
   Defense                  Defense                  Time % Phy DF OF 
 1 Michael Kostka           Jared Cowen              50     0   4  1  
 2 Mathew Dumba             Rob Scuderi              50     0   4  1  

Last Minutes Offensive
   Center                   Left Wing                Right Wing               Defense                  Defense                  
   Andrei Loktionov         Evander Kane             Michael Frolik           Zach Bogosian            Jared Cowen              

Last Minutes Defensive
   Center                   Left Wing                Right Wing               Defense                  Defense                  
   Brandon Sutter           Evander Kane             Michael Frolik           Zach Bogosian            Jared Cowen              

Goaltenders
Starting : Robin Lehner             
Backup : Jonas Hiller             

Extra Forwards
Normal : Brandon Sutter, Andrei Loktionov, Sean Monahan - PP : Ilya Kovalchuk, Sean Monahan - PK : Brandon Sutter
Extra Defensemen
Normal : Zach Bogosian, Jared Cowen, Mathew Dumba - PP : Zach Bogosian - PK : Rob Scuderi, Jared Cowen
Penalty Shots
Evander Kane, Michael Frolik, Vincent Lecavalier, Sean Monahan, Zack Kassian

Scratches
Randy Jones (Healthy), Scottie Upshall (Healthy)

Penguins

5 vs 5 Forward 
   Center                   Left Wing                Right Wing               Time % Phy DF OF 
 1 Steven Stamkos           Andrew Cogliano          T.J. Oshie               40     1   1  3  
 2 Ryan O'Reilly            Patrick Marleau          Dustin Brown             30     1   1  3  
 3 Logan Couture            D.J King                 Cal Clutterbuck          20     1   3  1  
 4 Riley Sheahan            Marcus Foligno           Martin St. Louis         10     1   1  3  

5 vs 5 Defense 
   Defense                  Defense                                           Time % Phy DF OF 
 1 Keith Aulie              Sean Zimmerman                                    44     1   2  2  
 2 Eric Gryba               Mike Komisarek                                    33     1   2  2  
 3 Paul Ranger              Christian Ehrhoff                                 23     1   2  2  
 4 Keith Aulie              Sean Zimmerman                                    0      1   2  2  

PowerPlay Forward 
   Center                   Left Wing                Right Wing               Time % Phy DF OF 
 1 Steven Stamkos           Andrew Cogliano          T.J. Oshie               60     0   1  4  
 2 Ryan O'Reilly            Patrick Marleau          Dustin Brown             40     0   1  4  

PowerPlay Defense
   Defense                  Defense                                           Time % Phy DF OF 
 1 Keith Aulie              Sean Zimmerman                                    60     1   1  3  
 2 Eric Gryba               Mike Komisarek                                    40     1   1  3  

Penalty Kill 4 Players Forward 
   Center                   Wing                     Time % Phy DF OF 
 1 Steven Stamkos           Andrew Cogliano          60     1   3  1  
 2 Logan Couture            Cal Clutterbuck          40     1   3  1  

Penalty Kill 4 Players Defense
   Defense                  Defense                  Time % Phy DF OF 
 1 Keith Aulie              Sean Zimmerman           60     1   4  0  
 2 Eric Gryba               Mike Komisarek           40     1   4  0  

Penalty Kill - 3 Players Forward 
   Forward                                           Time % Phy DF OF 
 1 Steven Stamkos                                    60     1   3  1  
 2 Logan Couture                                     40     1   3  1  

Penalty Kill - 3 Players Defense
   Defense                  Defense                  Time % Phy DF OF 
 1 Keith Aulie              Sean Zimmerman           60     1   4  0  
 2 Eric Gryba               Mike Komisarek           40     1   4  0  

4 vs 4 Forward 
   Center                   Wing                     Time % Phy DF OF 
 1 Steven Stamkos           Andrew Cogliano          60     1   1  3  
 2 Ryan O'Reilly            Dustin Brown             40     1   1  3  

4 vs 4 Defense
   Defense                  Defense                  Time % Phy DF OF 
 1 Keith Aulie              Sean Zimmerman           60     1   2  2  
 2 Eric Gryba               Mike Komisarek           40     1   2  2  

Last Minutes Offensive
   Center                   Left Wing                Right Wing               Defense                  Defense                  
   Steven Stamkos           Andrew Cogliano          Martin St. Louis         Keith Aulie              Sean Zimmerman           

Last Minutes Defensive
   Center                   Left Wing                Right Wing               Defense                  Defense                  
   Logan Couture            Andrew Cogliano          Cal Clutterbuck          Keith Aulie              Sean Zimmerman           

Goaltenders
Starting : Jacob Markstrom          
Backup : Sergei Bobrovsky         

Extra Forwards
Normal : Steven Stamkos, Ryan O'Reilly, Logan Couture - PP : Steven Stamkos, Ryan O'Reilly - PK : Logan Couture
Extra Defensemen
Normal : Sean Zimmerman, Eric Gryba, Christian Ehrhoff - PP : Keith Aulie - PK : Sean Zimmerman, Eric Gryba
Penalty Shots
Steven Stamkos, Ryan O'Reilly, Andrew Cogliano, Logan Couture, Dustin Brown

Scratches
David Booth (Suspend), Riley Armstrong (Healthy), Josh Tordjman (Healthy)

% Time on Ice - Sabres

Lines # - Real PCT - Wanted PCT - Time Play
Normal Forward
1 - 30% - 32% - 15:59
2 - 28% - 30% - 14:51
3 - 22% - 22% - 11:35
4 - 21% - 16% - 11:19
Normal Defense
1 - 40% - 41% - 21:23
2 - 36% - 35% - 19:20
3 - 24% - 24% - 13:01
4 - 0% - 0% - 0:00
PP Forward
1 - 51% - 53% - 1:05
2 - 49% - 47% - 1:02
PP Defense
1 - 56% - 53% - 1:11
2 - 44% - 47% - 0:56
PK Forward
1 - 59% - 55% - 1:22
2 - 41% - 45% - 0:56
PK Defense
1 - 61% - 55% - 1:24
2 - 39% - 45% - 0:54
PK3 Forward
1 - 0% - 60%
2 - 0% - 40%
PK3 Defense
1 - 0% - 60%
2 - 0% - 40%
44 Forward
1 - 55% - 50% - 1:01
2 - 45% - 50% - 0:50
44 Defense
1 - 57% - 50% - 1:03
2 - 43% - 50% - 0:48
Last Minute Offensive  - 0:00
Last Minute Defensive  - 0:00
Total
Forward - 60:00
Defense - 60:00

% Time on Ice - Penguins

Lines # - Real PCT - Wanted PCT - Time Play
Normal Forward
1 - 36% - 40% - 19:28
2 - 29% - 30% - 15:34
3 - 21% - 20% - 11:16
4 - 14% - 10% - 7:26
Normal Defense
1 - 41% - 44% - 22:16
2 - 34% - 33% - 18:19
3 - 24% - 23% - 13:09
4 - 0% - 0% - 0:00
PP Forward
1 - 57% - 60% - 1:19
2 - 43% - 40% - 0:59
PP Defense
1 - 75% - 60% - 1:43
2 - 25% - 40% - 0:35
PK Forward
1 - 68% - 60% - 1:26
2 - 32% - 40% - 0:41
PK Defense
1 - 49% - 60% - 1:02
2 - 51% - 40% - 1:05
PK3 Forward
1 - 0% - 60%
2 - 0% - 40%
PK3 Defense
1 - 0% - 60%
2 - 0% - 40%
44 Forward
1 - 70% - 60% - 1:18
2 - 30% - 40% - 0:33
44 Defense
1 - 53% - 60% - 0:59
2 - 47% - 40% - 0:52
Last Minute Offensive  - 0:00
Last Minute Defensive  - 0:00
Total
Forward - 60:00
Defense - 60:00

Play-by-Play

1st period


0:01 of 1st period - Steven Stamkos wins face-off versus Andrei Loktionov in neutral zone.
0:11 of 1st period - Minor Penalty to Evander Kane for Tripping.
0:12 of 1st period - Steven Stamkos wins face-off versus Brandon Sutter in Sabres zone.
0:22 of 1st period - Wrist shot by Steven Stamkos.
0:22 of 1st period - Goal by Steven Stamkos - Sabres : 0 - Penguins : 1.
0:23 of 1st period - Ryan O'Reilly wins face-off versus Vincent Lecavalier in neutral zone.
0:30 of 1st period - Wrist shot by Dustin Brown.
0:30 of 1st period - Shot Misses the Net.
0:32 of 1st period - Slapshot by Eric Gryba.
0:32 of 1st period - Stopped by Robin Lehner without a rebound.
0:33 of 1st period - Vincent Lecavalier wins face-off versus Dustin Brown in Sabres zone.
1:07 of 1st period - Off-side.
1:08 of 1st period - Steven Stamkos wins face-off versus Sean Monahan in neutral zone.
1:17 of 1st period - Sean Zimmerman is hit by Mathew Dumba and loses puck.
1:34 of 1st period - D.J King is hit by Evander Kane and loses puck.
1:50 of 1st period - Minor Penalty to Evander Kane for Holding.
1:51 of 1st period - Steven Stamkos wins face-off versus Brandon Sutter in Sabres zone.
1:58 of 1st period - Minor Penalty to Steven Stamkos for Hooking.
1:59 of 1st period - Vincent Lecavalier wins face-off versus Ryan O'Reilly in Penguins zone.
3:50 of 1st period - Penalty to Evander Kane is over, Evander Kane is back on ice.
3:58 of 1st period - Penalty to Steven Stamkos is over, Steven Stamkos is back on ice.
4:45 of 1st period - Wrist shot by Andrew Cogliano.
4:45 of 1st period - Deflect By Steven Stamkos.
4:45 of 1st period - Stopped by Robin Lehner without a rebound.
4:46 of 1st period - Logan Couture wins face-off versus Sean Monahan in Sabres zone.
5:27 of 1st period - Minor Penalty to Paul Ranger for Hooking.
5:28 of 1st period - Steven Stamkos wins face-off versus Sean Monahan in Penguins zone.
5:34 of 1st period - Icing by Zach Bogosian.
5:35 of 1st period - Andrew Cogliano wins face-off versus Sean Monahan in Sabres zone.
5:36 of 1st period - Snap shot by Steven Stamkos.
5:36 of 1st period - Shot Blocked by Ilya Kovalchuk.
5:42 of 1st period - Wrist shot by Jared Cowen.
5:42 of 1st period - Stopped by Jacob Markstrom with a rebound.
6:41 of 1st period - Ilya Kovalchuk is hit by Andrew Cogliano and loses puck.
7:24 of 1st period - Michael Frolik is hit by D.J King and loses puck.
7:27 of 1st period - Penalty to Paul Ranger is over, Paul Ranger is back on ice.
7:48 of 1st period - Slapshot by Ryan O'Reilly.
7:48 of 1st period - Deflect By D.J King.
7:48 of 1st period - Shot Misses the Net.
7:48 of 1st period - Puck is out of play.
7:49 of 1st period - Riley Sheahan wins face-off versus Brandon Sutter in Sabres zone.
9:29 of 1st period - Snap shot by Andrew Cogliano.
9:29 of 1st period - Shot Blocked by Michael Frolik.
9:37 of 1st period - Snap shot by Andrew Cogliano.
9:37 of 1st period - Deflect By Steven Stamkos.
9:37 of 1st period - Shot Misses the Net.
9:37 of 1st period - Puck is out of play.
9:38 of 1st period - Ryan O'Reilly wins face-off versus Brandon Sutter in Sabres zone.
9:43 of 1st period - Slapshot by Ryan O'Reilly.
9:43 of 1st period - Shot Misses the Net.
9:45 of 1st period - Wrist shot by Eric Gryba.
9:45 of 1st period - Deflect By Ryan O'Reilly.
9:45 of 1st period - Shot Misses the Net.
9:45 of 1st period - Puck is out of play.
9:46 of 1st period - Ryan O'Reilly wins face-off versus Brandon Sutter in Sabres zone.
9:59 of 1st period - Slapshot by Dustin Brown.
9:59 of 1st period - Shot Misses the Net.
10:29 of 1st period - Wrist shot by Dustin Brown.
10:29 of 1st period - Stopped by Robin Lehner with a rebound.
10:37 of 1st period - Jared Cowen is hit by Patrick Marleau.
12:09 of 1st period - Slapshot by Mike Komisarek.
12:09 of 1st period - Shot Blocked by Jared Cowen.
12:11 of 1st period - Slapshot by Mike Komisarek.
12:11 of 1st period - Deflect By Ryan O'Reilly.
12:11 of 1st period - Goal by Ryan O'Reilly - Sabres : 0 - Penguins : 2.
12:12 of 1st period - Steven Stamkos wins face-off versus Andrei Loktionov in neutral zone.
12:27 of 1st period - Wrist shot by Evander Kane.
12:27 of 1st period - Shot Misses the Net.
12:29 of 1st period - Slapshot by Rob Scuderi.
12:29 of 1st period - Deflect By Evander Kane.
12:29 of 1st period - Shot Misses the Net.
12:29 of 1st period - Puck is out of play.
12:30 of 1st period - Logan Couture wins face-off versus Sean Monahan in Penguins zone.
12:35 of 1st period - Snap shot by Logan Couture.
12:35 of 1st period - Stopped by Robin Lehner with a rebound.
13:09 of 1st period - Wrist shot by Andrew Cogliano.
13:09 of 1st period - Goal by Andrew Cogliano - Sabres : 0 - Penguins : 3.
13:10 of 1st period - Andrei Loktionov wins face-off versus Steven Stamkos in neutral zone.
13:17 of 1st period - Evander Kane is hit by Andrew Cogliano and loses puck.
13:24 of 1st period - Wrist shot by Andrew Cogliano.
13:24 of 1st period - Stopped by Robin Lehner with a rebound.
13:26 of 1st period - Wrist shot by T.J. Oshie.
13:26 of 1st period - Shot Blocked by Zach Bogosian.
13:44 of 1st period - Off-side.
13:45 of 1st period - Sean Monahan wins face-off versus Steven Stamkos in neutral zone.
14:16 of 1st period - Michael Kostka is hit by D.J King and loses puck.
15:17 of 1st period - Icing by Riley Sheahan.
15:18 of 1st period - Riley Sheahan wins face-off versus Sean Monahan in Penguins zone.
15:29 of 1st period - Snap shot by Sean Monahan.
15:29 of 1st period - Shot Misses the Net.
15:31 of 1st period - Backhand shot by Matt Martin.
15:31 of 1st period - Deflect By Zack Kassian.
15:31 of 1st period - Stopped by Jacob Markstrom with a rebound.
15:33 of 1st period - Snap shot by Matt Martin.
15:33 of 1st period - Shot Misses the Net.
16:05 of 1st period - Snap shot by Michael Frolik.
16:05 of 1st period - Stopped by Jacob Markstrom with a rebound.
16:07 of 1st period - Slapshot by Jared Cowen.
16:07 of 1st period - Shot Blocked by Ryan O'Reilly.
16:09 of 1st period - Slapshot by Jakub Kindl.
16:09 of 1st period - Shot Blocked by Eric Gryba.
16:25 of 1st period - Wrist shot by Brandon Sutter.
16:25 of 1st period - Stopped by Jacob Markstrom with a rebound.
16:27 of 1st period - Slapshot by Zach Bogosian.
16:27 of 1st period - Stopped by Jacob Markstrom with a rebound.
16:29 of 1st period - Slapshot by Zach Bogosian.
16:29 of 1st period - Stopped by Jacob Markstrom with a rebound.
16:31 of 1st period - Snap shot by Brandon Sutter.
16:31 of 1st period - Shot Misses the Net.
16:33 of 1st period - Wrist shot by Brandon Sutter.
16:33 of 1st period - Shot Misses the Net.
16:47 of 1st period - Snap shot by Steven Stamkos.
16:47 of 1st period - Stopped by Robin Lehner without a rebound.
16:48 of 1st period - Steven Stamkos wins face-off versus Sean Monahan in Sabres zone.
16:49 of 1st period - Snap shot by Andrew Cogliano.
16:49 of 1st period - Shot Misses the Net.
17:01 of 1st period - Wrist shot by Andrew Cogliano.
17:01 of 1st period - Shot Misses the Net.
17:03 of 1st period - Snap shot by Steven Stamkos.
17:03 of 1st period - Stopped by Robin Lehner without a rebound.
17:04 of 1st period - Logan Couture wins face-off versus Andrei Loktionov in Sabres zone.
17:52 of 1st period - Jared Cowen is hit by Ryan O'Reilly and loses puck.
18:45 of 1st period - Slapshot by Sean Zimmerman.
18:45 of 1st period - Shot Blocked by Evander Kane.
18:57 of 1st period - Andrew Cogliano is hit by Ilya Kovalchuk.
19:19 of 1st period - Snap shot by Ryan O'Reilly.
19:19 of 1st period - Goal by Ryan O'Reilly - Sabres : 0 - Penguins : 4.
19:20 of 1st period - Evander Kane wins face-off versus Andrew Cogliano in neutral zone.
19:58 of 1st period - Paul Ranger is hit by Vincent Lecavalier.
Goals for this period are 0 for Sabres vs 4 for Penguins.
Shots for this period are 6 for Sabres vs 11 for Penguins.

2nd period


0:01 of 2nd period - Steven Stamkos wins face-off versus Andrei Loktionov in neutral zone.
0:56 of 2nd period - Zach Bogosian is hit by Paul Ranger and loses puck.
1:18 of 2nd period - Snap shot by Marcus Foligno.
1:18 of 2nd period - Shot Misses the Net.
1:40 of 2nd period - Snap shot by Steven Stamkos.
1:40 of 2nd period - Stopped by Robin Lehner without a rebound.
1:41 of 2nd period - Logan Couture wins face-off versus Vincent Lecavalier in Sabres zone.
1:44 of 2nd period - Slapshot by Cal Clutterbuck.
1:44 of 2nd period - Stopped by Robin Lehner without a rebound.
1:45 of 2nd period - Vincent Lecavalier wins face-off versus Logan Couture in Sabres zone.
1:59 of 2nd period - Michael Frolik is hit by Logan Couture and loses puck.
2:38 of 2nd period - Mike Komisarek is hit by Matt Martin and loses puck.
3:03 of 2nd period - Slapshot by Riley Sheahan.
3:03 of 2nd period - Stopped by Robin Lehner with a rebound.
3:44 of 2nd period - Snap shot by Ryan O'Reilly.
3:44 of 2nd period - Shot Blocked by Jared Cowen.
4:04 of 2nd period - Slapshot by Jared Cowen.
4:04 of 2nd period - Deflect By Matt Martin.
4:04 of 2nd period - Shot Misses the Net.
4:04 of 2nd period - Puck is out of play.
4:05 of 2nd period - Andrei Loktionov wins face-off versus Logan Couture in Penguins zone.
4:08 of 2nd period - Snap shot by Andrei Loktionov.
4:08 of 2nd period - Stopped by Jacob Markstrom without a rebound.
4:09 of 2nd period - Andrei Loktionov wins face-off versus Logan Couture in Penguins zone.
4:24 of 2nd period - Wrist shot by Cal Clutterbuck.
4:24 of 2nd period - Goal by Cal Clutterbuck - Sabres : 0 - Penguins : 5.
4:24 of 2nd period - Jonas Hiller enters game.
4:25 of 2nd period - Steven Stamkos wins face-off versus Andrei Loktionov in neutral zone.
4:59 of 2nd period - Snap shot by Michael Frolik.
4:59 of 2nd period - Deflect By Vincent Lecavalier.
4:59 of 2nd period - Shot Misses the Net.
4:59 of 2nd period - Puck is out of play.
5:00 of 2nd period - Steven Stamkos wins face-off versus Vincent Lecavalier in Penguins zone.
5:11 of 2nd period - Snap shot by Ilya Kovalchuk.
5:11 of 2nd period - Stopped by Jacob Markstrom without a rebound.
5:12 of 2nd period - Steven Stamkos wins face-off versus Evander Kane in Penguins zone.
5:46 of 2nd period - Snap shot by Vincent Lecavalier.
5:46 of 2nd period - Stopped by Jacob Markstrom without a rebound.
5:47 of 2nd period - Vincent Lecavalier wins face-off versus Logan Couture in Penguins zone.
5:56 of 2nd period - Wrist shot by Ilya Kovalchuk.
5:56 of 2nd period - Shot Blocked by Eric Gryba.
5:58 of 2nd period - Wrist shot by Vincent Lecavalier.
5:58 of 2nd period - Shot Blocked by Eric Gryba.
6:00 of 2nd period - Slapshot by Jakub Kindl.
6:00 of 2nd period - Deflect By Michael Frolik.
6:00 of 2nd period - Stopped by Jacob Markstrom without a rebound.
6:01 of 2nd period - Andrei Loktionov wins face-off versus Steven Stamkos in Penguins zone.
6:28 of 2nd period - Keith Aulie is hit by Matt Martin.
6:50 of 2nd period - Wrist shot by Riley Sheahan.
6:50 of 2nd period - Shot Blocked by Matt Martin.
7:09 of 2nd period - Icing by Zack Kassian.
7:10 of 2nd period - Steven Stamkos wins face-off versus Sean Monahan in Sabres zone.
7:47 of 2nd period - Rob Scuderi is hit by Logan Couture and loses puck.
8:14 of 2nd period - Michael Frolik is hit by Eric Gryba and loses puck.
9:11 of 2nd period - Paul Ranger is hit by Michael Frolik and loses puck.
9:36 of 2nd period - Slapshot by Steven Stamkos.
9:36 of 2nd period - Shot Misses the Net.
10:15 of 2nd period - Snap shot by Steven Stamkos.
10:15 of 2nd period - Shot Misses the Net.
10:17 of 2nd period - Slapshot by Keith Aulie.
10:17 of 2nd period - Shot Blocked by Mathew Dumba.
10:36 of 2nd period - Wrist shot by Brandon Sutter.
10:36 of 2nd period - Stopped by Jacob Markstrom with a rebound.
10:38 of 2nd period - Slapshot by Michael Kostka.
10:38 of 2nd period - Deflect By Darcy Hordichuk.
10:38 of 2nd period - Stopped by Jacob Markstrom without a rebound.
10:39 of 2nd period - Darren Reid wins face-off versus Ryan O'Reilly in Penguins zone.
10:54 of 2nd period - Slapshot by Sean Zimmerman.
10:54 of 2nd period - Stopped by Jonas Hiller without a rebound.
10:55 of 2nd period - Logan Couture wins face-off versus Vincent Lecavalier in Sabres zone.
11:01 of 2nd period - Minor Penalty to Michael Frolik for Holding.
11:02 of 2nd period - Brandon Sutter wins face-off versus Ryan O'Reilly in Sabres zone.
12:54 of 2nd period - Icing by Steven Stamkos.
12:55 of 2nd period - Andrew Cogliano wins face-off versus Vincent Lecavalier in Penguins zone.
13:01 of 2nd period - Penalty to Michael Frolik is over, Michael Frolik is back on ice.
13:06 of 2nd period - Darren Reid is hit by Logan Couture.
13:45 of 2nd period - Dustin Brown is hit by Darcy Hordichuk and loses puck.
14:05 of 2nd period - Snap shot by Evander Kane.
14:05 of 2nd period - Stopped by Jacob Markstrom with a rebound.
14:25 of 2nd period - Patrick Marleau is hit by Ilya Kovalchuk.
14:49 of 2nd period - Backhand shot by Sean Monahan.
14:49 of 2nd period - Deflect By Matt Martin.
14:49 of 2nd period - Stopped by Jacob Markstrom with a rebound.
14:51 of 2nd period - Wrist shot by Matt Martin.
14:51 of 2nd period - Stopped by Jacob Markstrom with a rebound.
14:53 of 2nd period - Snap shot by Matt Martin.
14:53 of 2nd period - Stopped by Jacob Markstrom without a rebound.
14:54 of 2nd period - Andrei Loktionov wins face-off versus Steven Stamkos in Penguins zone.
15:00 of 2nd period - Icing by Steven Stamkos.
15:01 of 2nd period - Andrei Loktionov wins face-off versus Andrew Cogliano in Penguins zone.
15:10 of 2nd period - Slapshot by Evander Kane.
15:10 of 2nd period - Stopped by Jacob Markstrom with a rebound.
15:12 of 2nd period - Slapshot by Jakub Kindl.
15:12 of 2nd period - Shot Misses the Net.
15:14 of 2nd period - Wrist shot by Darren Reid.
15:14 of 2nd period - Stopped by Jacob Markstrom with a rebound.
15:16 of 2nd period - Snap shot by Andrei Loktionov.
15:16 of 2nd period - Deflect By Evander Kane.
15:16 of 2nd period - Stopped by Jacob Markstrom without a rebound.
15:17 of 2nd period - D.J King wins face-off versus Vincent Lecavalier in Penguins zone.
15:17 of 2nd period - D.J King is hit by Ilya Kovalchuk.
15:23 of 2nd period - Jared Cowen is hit by Cal Clutterbuck and loses puck.
15:42 of 2nd period - Evander Kane is hit by Andrew Cogliano and loses puck.
16:19 of 2nd period - Slapshot by Evander Kane.
16:19 of 2nd period - Shot Blocked by Eric Gryba.
16:24 of 2nd period - Off-side.
16:25 of 2nd period - Vincent Lecavalier wins face-off versus Ryan O'Reilly in neutral zone.
16:30 of 2nd period - Keith Aulie is hit by Michael Frolik and loses puck.
17:18 of 2nd period - Logan Couture is hit by Darcy Hordichuk and loses puck.
17:38 of 2nd period - Wrist shot by Dustin Brown.
17:38 of 2nd period - Stopped by Jonas Hiller without a rebound.
17:39 of 2nd period - Vincent Lecavalier wins face-off versus Ryan O'Reilly in Sabres zone.
17:46 of 2nd period - Wrist shot by Vincent Lecavalier.
17:46 of 2nd period - Stopped by Jacob Markstrom with a rebound.
17:48 of 2nd period - Slapshot by Michael Kostka.
17:48 of 2nd period - Shot Blocked by Dustin Brown.
17:50 of 2nd period - Snap shot by Ilya Kovalchuk.
17:50 of 2nd period - Stopped by Jacob Markstrom without a rebound.
17:51 of 2nd period - Andrew Cogliano wins face-off versus Vincent Lecavalier in Penguins zone.
18:16 of 2nd period - Sean Zimmerman is hit by Darren Reid and loses puck.
19:01 of 2nd period - Sean Zimmerman is hit by Rob Scuderi and loses puck.
19:30 of 2nd period - Snap shot by T.J. Oshie.
19:30 of 2nd period - Stopped by Jonas Hiller without a rebound.
19:31 of 2nd period - Ryan O'Reilly wins face-off versus Andrei Loktionov in Sabres zone.
Goals for this period are 0 for Sabres vs 1 for Penguins.
Shots for this period are 15 for Sabres vs 7 for Penguins.

3rd period


0:01 of 3rd period - Steven Stamkos wins face-off versus Andrei Loktionov in neutral zone.
0:12 of 3rd period - Snap shot by Steven Stamkos.
0:12 of 3rd period - Stopped by Jonas Hiller without a rebound.
0:13 of 3rd period - Vincent Lecavalier wins face-off versus Steven Stamkos in Sabres zone.
0:22 of 3rd period - Snap shot by Michael Frolik.
0:22 of 3rd period - Shot Misses the Net.
0:42 of 3rd period - Wrist shot by Zack Kassian.
0:42 of 3rd period - Shot Blocked by Andrew Cogliano.
0:44 of 3rd period - Snap shot by Jakub Kindl.
0:44 of 3rd period - Deflect By Steven Stamkos.
0:44 of 3rd period - Stopped by Jacob Markstrom with a rebound.
0:46 of 3rd period - Snap shot by Zack Kassian.
0:46 of 3rd period - Stopped by Jacob Markstrom with a rebound.
1:10 of 3rd period - Snap shot by Logan Couture.
1:10 of 3rd period - Stopped by Jonas Hiller without a rebound.
1:11 of 3rd period - Vincent Lecavalier wins face-off versus Patrick Marleau in Sabres zone.
1:23 of 3rd period - Snap shot by Ryan O'Reilly.
1:23 of 3rd period - Stopped by Jonas Hiller without a rebound.
1:24 of 3rd period - Darren Reid wins face-off versus Logan Couture in Sabres zone.
1:24 of 3rd period - Michael Kostka is hit by D.J King.
2:19 of 3rd period - Snap shot by Sean Monahan.
2:19 of 3rd period - Shot Blocked by Christian Ehrhoff.
2:31 of 3rd period - Slapshot by Martin St. Louis.
2:31 of 3rd period - Stopped by Jonas Hiller with a rebound.
2:33 of 3rd period - Slapshot by Paul Ranger.
2:33 of 3rd period - Stopped by Jonas Hiller with a rebound.
2:35 of 3rd period - Slapshot by Paul Ranger.
2:35 of 3rd period - Shot Blocked by Jakub Kindl.
2:53 of 3rd period - Andrei Loktionov is hit by D.J King and loses puck.
3:02 of 3rd period - Cal Clutterbuck is hit by Andrei Loktionov.
3:03 of 3rd period - Icing by Cal Clutterbuck.
3:04 of 3rd period - Logan Couture wins face-off versus Vincent Lecavalier in Penguins zone.
4:01 of 3rd period - Wrist shot by Patrick Marleau.
4:01 of 3rd period - Goal by Patrick Marleau - Sabres : 0 - Penguins : 6.
4:02 of 3rd period - Steven Stamkos wins face-off versus Vincent Lecavalier in neutral zone.
4:05 of 3rd period - Michael Frolik is hit by Steven Stamkos.
4:11 of 3rd period - Andrew Cogliano is hit by Mathew Dumba and loses puck.
4:34 of 3rd period - Snap shot by Ryan O'Reilly.
4:34 of 3rd period - Shot Blocked by Evander Kane.
4:36 of 3rd period - Wrist shot by Sean Zimmerman.
4:36 of 3rd period - Shot Blocked by Michael Kostka.
5:11 of 3rd period - Off-side.
5:12 of 3rd period - Brandon Sutter wins face-off versus Riley Sheahan in neutral zone.
6:00 of 3rd period - Slapshot by Ryan O'Reilly.
6:00 of 3rd period - Stopped by Jonas Hiller without a rebound.
6:01 of 3rd period - Andrei Loktionov wins face-off versus Ryan O'Reilly in Sabres zone.
6:01 of 3rd period - Andrei Loktionov is hit by Patrick Marleau.
6:26 of 3rd period - Icing by Sean Zimmerman.
6:27 of 3rd period - Vincent Lecavalier wins face-off versus Ryan O'Reilly in Penguins zone.
6:28 of 3rd period - Slapshot by Michael Frolik.
6:28 of 3rd period - Deflect By Ilya Kovalchuk.
6:28 of 3rd period - Shot Misses the Net.
6:28 of 3rd period - Puck is out of play.
6:29 of 3rd period - Steven Stamkos wins face-off versus Vincent Lecavalier in Penguins zone.
6:40 of 3rd period - Slapshot by Michael Frolik.
6:40 of 3rd period - Stopped by Jacob Markstrom with a rebound.
6:42 of 3rd period - Wrist shot by Vincent Lecavalier.
6:42 of 3rd period - Shot Misses the Net.
6:44 of 3rd period - Wrist shot by Ilya Kovalchuk.
6:44 of 3rd period - Stopped by Jacob Markstrom with a rebound.
6:54 of 3rd period - Andrew Cogliano is hit by Jared Cowen and loses puck.
7:19 of 3rd period - Wrist shot by Andrew Cogliano.
7:19 of 3rd period - Shot Misses the Net.
7:35 of 3rd period - Slapshot by Sean Monahan.
7:35 of 3rd period - Shot Misses the Net.
7:37 of 3rd period - Wrist shot by Zack Kassian.
7:37 of 3rd period - Shot Blocked by Christian Ehrhoff.
7:39 of 3rd period - Slapshot by Jared Cowen.
7:39 of 3rd period - Shot Misses the Net.
7:41 of 3rd period - Slapshot by Sean Monahan.
7:41 of 3rd period - Shot Misses the Net.
7:43 of 3rd period - Slapshot by Jakub Kindl.
7:43 of 3rd period - Stopped by Jacob Markstrom with a rebound.
7:45 of 3rd period - Wrist shot by Sean Monahan.
7:45 of 3rd period - Stopped by Jacob Markstrom with a rebound.
7:47 of 3rd period - Snap shot by Jakub Kindl.
7:47 of 3rd period - Stopped by Jacob Markstrom with a rebound.
8:03 of 3rd period - Snap shot by Zack Kassian.
8:03 of 3rd period - Shot Misses the Net.
8:05 of 3rd period - Slapshot by Jakub Kindl.
8:05 of 3rd period - Stopped by Jacob Markstrom with a rebound.
8:07 of 3rd period - Wrist shot by Zack Kassian.
8:07 of 3rd period - Deflect By Steven Stamkos.
8:07 of 3rd period - Shot Misses the Net.
8:07 of 3rd period - Puck is out of play.
8:08 of 3rd period - Vincent Lecavalier wins face-off versus Ryan O'Reilly in Penguins zone.
8:15 of 3rd period - Wrist shot by Ilya Kovalchuk.
8:15 of 3rd period - Shot Misses the Net.
8:33 of 3rd period - Rob Scuderi is hit by Keith Aulie.
8:40 of 3rd period - Rob Scuderi is hit by Eric Gryba.
8:55 of 3rd period - Icing by Mike Komisarek.
8:56 of 3rd period - Riley Sheahan wins face-off versus Brandon Sutter in Penguins zone.
10:24 of 3rd period - Mathew Dumba is hit by Christian Ehrhoff and loses puck.
10:32 of 3rd period - Zach Bogosian is hit by Cal Clutterbuck.
10:38 of 3rd period - Slapshot by Evander Kane.
10:38 of 3rd period - Stopped by Jacob Markstrom with a rebound.
10:40 of 3rd period - Slapshot by Zach Bogosian.
10:40 of 3rd period - Shot Blocked by Christian Ehrhoff.
10:42 of 3rd period - Snap shot by Andrei Loktionov.
10:42 of 3rd period - Stopped by Jacob Markstrom with a rebound.
10:44 of 3rd period - Snap shot by Evander Kane.
10:44 of 3rd period - Shot Misses the Net.
10:54 of 3rd period - Snap shot by Evander Kane.
10:54 of 3rd period - Stopped by Jacob Markstrom with a rebound.
11:06 of 3rd period - Wrist shot by Andrei Loktionov.
11:06 of 3rd period - Stopped by Jacob Markstrom without a rebound.
11:07 of 3rd period - Steven Stamkos wins face-off versus Vincent Lecavalier in Penguins zone.
11:07 of 3rd period - Steven Stamkos is hit by Zach Bogosian.
12:24 of 3rd period - Slapshot by Jared Cowen.
12:24 of 3rd period - Shot Misses the Net.
12:59 of 3rd period - Backhand shot by Sean Monahan.
12:59 of 3rd period - Shot Misses the Net.
13:05 of 3rd period - Snap shot by Steven Stamkos.
13:05 of 3rd period - Shot Misses the Net.
13:07 of 3rd period - Slapshot by Paul Ranger.
13:07 of 3rd period - Shot Blocked by Jakub Kindl.
13:09 of 3rd period - Wrist shot by Steven Stamkos.
13:09 of 3rd period - Stopped by Jonas Hiller with a rebound.
13:11 of 3rd period - Slapshot by Steven Stamkos.
13:11 of 3rd period - Stopped by Jonas Hiller without a rebound.
13:12 of 3rd period - Vincent Lecavalier wins face-off versus Ryan O'Reilly in Sabres zone.
13:49 of 3rd period - Icing by Eric Gryba.
13:50 of 3rd period - Logan Couture wins face-off versus Vincent Lecavalier in Penguins zone.
14:07 of 3rd period - Slapshot by D.J King.
14:07 of 3rd period - Stopped by Jonas Hiller with a rebound.
14:47 of 3rd period - Snap shot by Ryan O'Reilly.
14:47 of 3rd period - Stopped by Jonas Hiller with a rebound.
15:09 of 3rd period - Backhand shot by Riley Sheahan.
15:09 of 3rd period - Shot Misses the Net.
15:51 of 3rd period - Slapshot by Zach Bogosian.
15:51 of 3rd period - Shot Blocked by Christian Ehrhoff.
16:42 of 3rd period - Icing by Zach Bogosian.
16:43 of 3rd period - Logan Couture wins face-off versus Vincent Lecavalier in Sabres zone.
17:13 of 3rd period - Wrist shot by Martin St. Louis.
17:13 of 3rd period - Shot Misses the Net.
17:15 of 3rd period - Slapshot by Eric Gryba.
17:15 of 3rd period - Deflect By Martin St. Louis.
17:15 of 3rd period - Shot Misses the Net.
17:15 of 3rd period - Puck is out of play.
17:16 of 3rd period - Riley Sheahan wins face-off versus Andrei Loktionov in Sabres zone.
18:25 of 3rd period - Wrist shot by Logan Couture.
18:25 of 3rd period - Stopped by Jonas Hiller with a rebound.
18:39 of 3rd period - Ilya Kovalchuk is hit by Cal Clutterbuck and loses puck.
19:43 of 3rd period - Off-side.
19:44 of 3rd period - Logan Couture wins face-off versus Andrei Loktionov in neutral zone.
19:49 of 3rd period - Wrist shot by Cal Clutterbuck.
19:49 of 3rd period - Stopped by Jonas Hiller with a rebound.
19:51 of 3rd period - Snap shot by Cal Clutterbuck.
19:51 of 3rd period - Goal by Cal Clutterbuck - Sabres : 0 - Penguins : 7.
19:52 of 3rd period - Vincent Lecavalier wins face-off versus Steven Stamkos in neutral zone.
Goals for this period are 0 for Sabres vs 2 for Penguins.
Shots for this period are 12 for Sabres vs 14 for Penguins.